 Dungeon Crawl Stone Soup version 0.27-a0-1273-gec92ba881d (webtiles) character file.

Game seed: 8057748015296709762

765 polve the Ruffian (level 7, -1/55 HPs)
             Began as a Demonspawn Gladiator on June 11, 2021.
             Slain by Prince Ribbit (11 damage)
             ... on level 5 of the Dungeon.
             The game lasted 00:06:34 (5841 turns).

polve the Ruffian (Demonspawn Gladiator)            Turns: 5841, Time: 00:06:35

Health: -1/55      AC: 20    Str: 17    XL:     7   Next: 51%
Magic:  7/7        EV:  5    Int: 15    God:
Gold:   74         SH:  0    Dex: 14    Spells: 6/6 levels left

rFire    . . .     SeeInvis .     - Unarmed
rCold    . . .     Faith    .   (no shield)
rNeg     . . .     Spirit   .   q - +0 plate armour
rPois    .         Reflect  .   c - +0 helmet
rElec    .         Harm     .   n - +1 cloak {rCorr}
rCorr    +         Rampage  .   (no gloves)
Will     .....     Clarity  +   (no boots)
Stlth    ..........             (no amulet)
HPRegen  0.18/turn              o - +6 ring of intelligence
MPRegen  0.20/turn              (no ring)

@: sanguine armoured
A: claws 1, magic regeneration, sanguine armour 1, clarity, MP-powered wands
a: no special abilities


You were on level 5 of the Dungeon.
You visited 1 branch of the dungeon, and saw 5 of its levels.

You collected 74 gold pieces.

Inventory:

Hand Weapons
 a - a +2 quarterstaff of chaos
Missiles
 d - 3 throwing nets (quivered)
Armour
 b - a +0 leather armour
 c - a +0 helmet (worn)
 e - a +0 ring mail
 j - a +0 scale mail
 n - a +1 cloak of preservation (worn)
 q - a +0 plate armour (worn)
Jewellery
 g - a ring of ice
 o - a +6 ring of intelligence (left claw)
Scrolls
 h - a scroll of enchant armour
 i - 2 scrolls of identify
 k - a scroll of amnesia
Potions
 m - a potion of flight


   Skills:
 + Level 4.3 Fighting
 - Level 3.2 Staves
 - Level 1.7 Throwing
 - Level 2.0 Armour
 - Level 2.6 Dodging
 - Level 5.9 Unarmed Combat


You had 6 spell levels left.
You didn't know any spells.
Your spell library was empty.

Dungeon Overview and Level Annotations

Branches:
Dungeon (5/15)
 Temple: D:4-7

Altars:
Yredelemnul

Annotations:
D:5 Prince Ribbit


Innate Abilities, Weirdness & Mutations

You have sharp fingernails.
You regenerate magic rapidly.
When seriously injured, your bleeding wounds create armour. (AC +6)
You possess an exceptional clarity of mind.
You expend magic power (3 MP) to strengthen your wands.


Message History

Prince Ribbit casts a spell.
Prince Ribbit looks slightly unstable.
Prince Ribbit is nearby!
Prince Ribbit disappears!
HP restored.
Items here: ))) [[.
Things that are here:
a +0 robe; a +0 dagger Prince Ribbit is nearby!
Prince Ribbit gives a loud, deep croak!
Prince Ribbit blinks!
Things that are here:
a +0 robe; a +0 dagger You swing at nothing.
You swing at nothing.
You miss Prince Ribbit. Prince Ribbit hits you!
You barely miss Prince Ribbit.
Prince Ribbit hits you but does no damage.
You barely miss Prince Ribbit. Prince Ribbit hits you.
You closely miss Prince Ribbit. Prince Ribbit hits you!
Your blood congeals into armour.
You scratch Prince Ribbit.
Prince Ribbit is lightly wounded.
Prince Ribbit hits you! Prince Ribbit hits you.
You claw Prince Ribbit!
Prince Ribbit is moderately wounded.
Prince Ribbit hits you!
* * * LOW HITPOINT WARNING * * *
Items here: ))) [[.
Prince Ribbit says, "You're just another fly to me."
Prince Ribbit hits you.
* * * LOW HITPOINT WARNING * * *
Prince Ribbit blinks!
Prince Ribbit hops awkwardly around.
Okay, then.
Okay, then.
Prince Ribbit hits you but does no damage.
Prince Ribbit blinks! x2
Prince Ribbit hits you!
You die...

.###....#......# #.#.
#...........####.#.
#..................
#...........####.##
#....#......####...
###...#§.......####.
#..Y.##......#.# .
#..F.##......#.#
#..@.##F.....#†#####
####....#########......
......<.###### ###....
#.>..>.....<.######....
####....####..........§
#....# ########....
###### #.... #....
####.


You could see Prince Ribbit and an ice beast.

Vanquished Creatures
  2 necrophages
  2 scorpions (D:4)
  A water moccasin zombie (D:4)
  A wight (D:4)
  A hound (D:5)
  A bullfrog zombie (D:5)
  Crazy Yiuf (D:2)
  An orc priest (D:3)
  A human zombie (D:4)
  A scorpion zombie (D:4)
  An orc wizard (D:5)
  2 hound zombies (D:4)
  3 mummies (D:4)
  2 adders
  An adder zombie (D:4)
  2 worms
  2 dart slugs
  6 orcs
  7 endoplasms
  4 giant cockroaches
  3 goblins
  7 hobgoblins
  5 jackals (D:1)
  4 kobolds
  4 quokkas
  3 ball pythons
  4 bats
  3 frilled lizards
  A quokka zombie (D:4)
  9 rats
85 creatures vanquished.

Notes
Turn   | Place    | Note
-------+----------+-------------------------------------------
     0 | D:1      | polve the Demonspawn Gladiator began the quest for the Orb.
     0 | D:1      | Reached XP level 1. HP: 16/16 MP: 1/1
   221 | D:1      | Gained mutation: You have sharp fingernails. [demonic
                  | ancestry]
   221 | D:1      | Reached XP level 2. HP: 15/22 MP: 2/2
   413 | D:1      | Found a faded altar of an unknown god.
   502 | D:1      | Reached skill level 1 in Unarmed Combat
   797 | D:1      | Gained mutation: You regenerate magic rapidly. [demonic
                  | ancestry]
   797 | D:1      | Reached XP level 3. HP: 26/27 MP: 3/3
  1424 | D:2      | Reached skill level 2 in Unarmed Combat
  1543 | D:2      | Found a runed translucent door.
  1544 | D:2      | Noticed Crazy Yiuf
  2486 | D:3      | Reached skill level 3 in Unarmed Combat
  2486 | D:3      | Gained mutation: When seriously injured, your bleeding
                  | wounds create armour. (AC +6) [demonic ancestry]
  2486 | D:3      | Reached XP level 4. HP: 23/33 MP: 4/4
  2665 | D:3      | Noticed a necrophage
  2678 | D:3      | Killed a necrophage
  2679 | D:3      | Reached skill level 4 in Unarmed Combat
  2679 | D:3      | Reached XP level 5. HP: 19/38 MP: 5/5
  3132 | D:2      | Killed Crazy Yiuf
  3414 | D:4      | Reached skill level 1 in Armour
  3414 | D:4      | Reached XP level 6. HP: 40/44 MP: 6/6
  3538 | D:4      | You fall into a shaft and drop 1 floor!
  3538 | D:5      | Entered Level 5 of the Dungeon
  3548 | D:5      | Noticed Prince Ribbit
  3548 | D:5      | Noticed an ice beast
  3574 | D:5      | Reached skill level 5 in Unarmed Combat
  3579 | D:5      | Gained mutation: You possess an exceptional clarity of
                  | mind. [potion of mutation]
  3579 | D:5      | Gained mutation: You expend magic power (3 MP) to
                  | strengthen your wands. [potion of mutation]
  4294 | D:4      | Reached XP level 7. HP: 45/50 MP: 7/7
  4760 | D:4      | Found a basalt altar of Yredelemnul.
  5841 | D:5      | Slain by Prince Ribbit

Illustrated notes

Levels and vault maps discovered:
D:1:      elethiomel_arrival_diamonds, layout_basic,
          ebering_ecumenical_altar_webs
D:2:      layout_basic, serial_bayou, serial_bayou_lagoon_b,
          serial_bayou_shore_b, serial_bayou_crossing, serial_bayou_pond_a,
          uniq_crazy_yiuf_cottage
D:3:      layout_rooms
D:4:      layout_rooms, lemuel_mausoleum_altar_yredelemnul,
          small_statue_intersection
D:5:      layout_rooms, jmf_multi_god_temple, uniq_prince_ribbit1,
          uniq_blork_the_orc

Skill      XL: |  1  2  3  4  5  6  7 |
---------------+----------------------+-----
Staves         | 3 |  3.2
Unarmed Combat | 1 3 4 5 |  5.9
Armour         | 1 2 |  2.0
Fighting       | 4 |  4.3
Throwing       | |  1.7
Dodging        | |  2.6

Action                   |  1- 3 |  4- 6 |  7- 9 || total
-------------------------+-------+-------+-------++-------
Melee: Quarterstaff      |   122 |    43 |       ||   165
       Unarmed           |       |    84 |   142 ||   226
       Punch             |       |     2 |     5 ||     7
  Use: Potion            |     2 |     3 |       ||     5
       Scroll            |       |     4 |     1 ||     5
 Stab: Sleeping          |     1 |       |       ||     1
Armor: Leather armour    |    23 |       |       ||    23
       Ring mail         |     4 |    13 |       ||    17
       Scale mail        |       |    30 |    21 ||    51
       Plate armour      |       |       |    20 ||    20
Dodge: Dodged            |    72 |    55 |    43 ||   170

Table legend: (Time is in decaauts)
 A = Elapsed time spent in this place.
 B = Non-inter-level travel time spent in this place.
 C = Inter-level travel time spent in this place.
 D = Time resting spent in this place.
 E = Time spent auto-exploring this place.
 F = Levels seen in this place.
 G = Mean time per level.
                   A        B        C        D        E       F      G
               +--------+--------+--------+--------+--------+-----+--------+
         Total |   5891 |   5602 |    289 |      5 |   4739 |   5 | 1178.2 |
       Dungeon |   5891 |   5602 |    289 |      5 |   4739 |   5 | 1178.2 |
               +--------+--------+--------+--------+--------+-----+--------+

Top non-repeatable levels by time:
     D:4: 2055 daAuts
     D:2: 1374 daAuts
     D:1: 1317 daAuts
     D:3: 708 daAuts
     D:5: 435 daAuts
